Map: Pillars of Gold LE

Players

Maru - Winner!

  • Race: Terran Terran
  • League: Master
  • Spawn Location: 1:00

Stats

  • Race: Protoss Protoss
  • League: Grandmaster
  • Spawn Location: 7:00

Event: TSL 6

VOD

Have the link to the VOD?

Description

Time

  • Played on: Dec. 19, 2020, 5:04 a.m.
  • Length: 28:57

All games in this series

Show
View Real Time Build Order
Export as new Build Order

Maru Terran - Winner!

Build Orders: Reaper Expand 

Get SALT Encoding   

  12  0:00  SCV  
  13  0:12  SCV  
  14  0:17  Supply Depot  
  14  0:24  SCV  
  15  0:39  SCV  
  15  0:41  Barracks  
  16  0:46  Refinery  
  16  0:51  SCV  
  17  1:03  SCV  
  18  1:15  SCV  
  19  1:28  Orbital Command  
  19  1:29  Reaper  
  20  1:43  Command Center  
  20  1:54  Supply Depot, SCV  
  21  2:01  Marine  
  21  2:06  SCV  
  23  2:11  Factory  
  23  2:18  SCV  
  23  2:20  Bunker  
  24  2:24  Barracks Reactor  
  24  2:29  Refinery  
  24  2:35  SCV  
  25  2:47  SCV  
  26  2:55  Orbital Command  
  26  2:59  Starport  
  26  3:00  SCV  
  26  3:02  Marine  
  26  3:03  Marine  
  29  3:08  Widow Mine  
  29  3:12  SCV  
  31  3:20  SCV, Marine x2  
  34  3:30  Widow Mine  
  36  3:35  Viking  
  36  3:38  SCV x2, Marine x2  
  42  3:41  Supply Depot  
  42  3:50  SCV x2  
  42  3:51  Widow Mine  
  46  4:03  SCV x2, Marine x2  
  46  4:08  Starport Tech Lab  
  50  4:12  Command Center  
  50  4:15  Factory Tech Lab, SCV  
  50  4:16  SCV  
  52  4:23  Supply Depot  
  52  4:27  SCV  
  52  4:29  SCV  
  54  4:32  Supply Depot  
  54  4:37  Barracks  
  54  4:44  Raven, SCV, Marine x2  
  59  4:45  Barracks  
  59  4:47  Factory Tech Lab  
  59  4:51  SCV  
  60  4:57  SCV, Refinery  
  60  4:58  Refinery  
  61  5:03  SCV  
  61  5:05  Engineering Bay  
  61  5:06  Engineering Bay  
  62  5:07  Siege Tank  
  62  5:14  Marine x2  
  65  5:15  SCV x2  
  69  5:22  Supply Depot  
  69  5:24  Orbital Command  
  69  5:25  Stimpack  
  69  5:29  SCV  
  69  5:33  Starport Reactor  
  69  5:35  Terran Infantry Armor Level 1, Terran Infantry Weapons Level 1  
  70  5:37  Marine  
  71  5:44  SCV x2  
  71  5:49  Missile Turret  
  73  5:52  Siege Tank  
  73  5:53  Missile Turret  
  73  5:55  SCV  
  77  5:58  Combat Shield  
  77  5:59  Marine  
  77  6:04  Marine x2  
  78  6:05  Supply Depot  
  78  6:07  SCV  
  78  6:09  SCV  
  81  6:12  Medivac x2  
  81  6:14  Orbital Command  
  81  6:18  Missile Turret  
  85  6:19  SCV  
  85  6:21  Supply Depot  
  85  6:22  Marauder, Marine  
  85  6:24  Marauder, Marine  
  92  6:27  SCV  
  92  6:31  SCV  
  94  6:33  Supply Depot  
  94  6:39  SCV  
  95  6:41  SCV  
  95  6:43  SCV  
  95  6:44  Missile Turret  
  95  6:46  Siege Tank  
  96  6:51  SCV  
  96  6:53  SCV  
  95  6:55  SCV  
  95  6:56  Medivac x2  
  95  6:58  Marauder x2, Marine x2  
  105  7:03  SCV  
  105  7:05  SCV  
  105  7:07  Supply Depot, SCV  
  108  7:09  Concussive Shells  
  108  7:14  Barracks x2  
  108  7:15  SCV  
  108  7:17  SCV  
  108  7:21  Marauder x2, Marine x2  
  108  7:22  SCV  
  117  7:25  Armory  
  117  7:29  SCV  
  118  7:30  Supply Depot, Refinery  
  118  7:32  Refinery  
  118  7:35  SCV  
  119  7:37  SCV  
  119  7:42  Viking  
  119  7:43  Marauder x2  
  125  7:47  Supply Depot x2  
  125  7:51  Missile Turret  
  125  7:53  Supply Depot  
  125  7:54  Siege Tank, Viking  
  125  7:56  Supply Depot, SCV x2  
  132  8:12  Barracks Reactor, Ghost Academy, Barracks Tech Lab  
  132  8:19  Command Center  
  132  8:20  Marauder x2, Marine  
  132  8:25  Viking x2  
  132  8:26  Siege Tank  
  144  8:29  Terran Infantry Weapons Level 2  
  144  8:35  SCV  
  144  8:36  SCV x2  
  144  8:37  Supply Depot  
  146  8:44  Ghost  
  146  8:46  Marine x2  
  146  8:47  Marine x2  
  146  8:48  Terran Infantry Armor Level 2  
  152  8:52  SCV  
  153  8:55  Bunker  
  153  8:56  Supply Depot  
  153  9:01  Missile Turret x2  
  153  9:03  Enhanced Shockwaves  
  153  9:04  Missile Turret, Ghost  
  153  9:06  Marine  
  153  9:07  Marine x3  
  159  9:15  Sensor Tower, Ghost  
  161  9:25  Ghost  
  161  9:27  Marine x4  
  167  9:36  Ghost  
  169  9:44  Command Center, Marine  
  169  9:45  Command Center, Marine  
  171  9:47  Terran Ship Weapons Level 1  
  171  9:54  Ghost  
  173  10:06  Planetary Fortress, Missile Turret  
  173  10:09  Missile Turret, Sensor Tower  
  173  10:18  Barracks  
  173  10:19  Starport  
  173  10:20  Barracks  
  171  10:22  Barracks  
  171  10:27  Medivac x2  
  175  10:33  Missile Turret  
  175  10:37  Personal Cloaking  
  175  10:40  Siege Tank  
  178  10:46  Refinery  
  178  10:47  Refinery  
  178  10:49  Command Center  
  178  10:55  Starport Reactor  
  178  10:57  Orbital Command x2, Fusion Core  
  178  11:03  Ghost x2  
  180  11:05  Command Center  
  180  11:07  Missile Turret  
  182  11:13  Viking x2  
  186  11:25  Barracks Reactor, Barracks Tech Lab x2  
  186  11:28  Marine  
  186  11:29  Marine x4  
  191  11:41  Command Center  
  191  11:44  Terran Infantry Weapons Level 3  
  191  11:45  Terran Infantry Armor Level 3  
  191  11:47  Command Center  
  174  11:56  Marauder x5, Marine x3  
  173  12:35  Advanced Ballistics  
  173  12:36  Nuke  
  153  12:46  Viking x3  
  153  12:47  Missile Turret, Viking  
  161  12:51  Starport  
  161  12:53  Marauder x3, Marine x6  
  161  12:54  Marine  
  174  13:02  Missile Turret x2  
  174  13:03  Missile Turret  
  164  13:17  Siege Tank  
  164  13:18  Liberator x4  
  179  13:21  Terran Ship Weapons Level 2  
  179  13:22  Orbital Command x2  
  179  13:37  Missile Turret  
  179  13:39  Missile Turret x2  
  179  13:40  Missile Turret  
  179  13:41  Missile Turret  
  179  13:42  Missile Turret  
  179  13:43  Starport Reactor  
  179  13:57  Missile Turret  
  179  13:58  Missile Turret, Sensor Tower  
  179  13:59  Missile Turret  
  179  14:00  Armory  
  179  14:01  Planetary Fortress  
  179  14:02  Sensor Tower  
  179  14:04  Missile Turret  
  179  14:05  Orbital Command  
  179  14:09  Orbital Command  
  179  14:19  Missile Turret  
  179  14:22  Missile Turret  
  179  14:23  Viking  
  181  14:24  Missile Turret  
  181  14:25  Missile Turret  
  181  14:27  Missile Turret  
  181  14:35  Missile Turret  
  181  14:45  Refinery  
  181  14:47  Missile Turret, Refinery  
  181  14:48  Liberator x3  
  190  14:55  Viking x2  
  190  14:59  Command Center  
  192  15:12  Viking  
  190  15:25  Viking x2  
  183  15:31  Viking x3  
  189  15:42  Viking  
  142  15:55  Liberator, Viking  
  142  15:56  Marauder x3, Marine  
  152  16:00  Liberator, Marine  
  152  16:01  Marauder x2  
  154  16:05  Terran Ship Weapons Level 3  
  154  16:06  Terran Vehicle And Ship Armor Level 1  
  154  16:07  Nuke  
  154  16:11  Liberator x2  
  154  16:17  Marauder  
  160  16:20  Ghost x2  
  160  16:21  Marine  
  160  16:22  Marauder  
  160  16:23  SCV x3  
  160  16:24  SCV x4  
  172  16:25  Sensor Tower  
  172  16:27  Ghost  
  172  16:28  Marine x2  
  172  16:32  Liberator x2  
  182  16:38  Viking  
  184  16:50  Ghost, Marine  
  184  16:51  Sensor Tower  
  184  16:52  Rapid Reignition System  
  187  16:55  Liberator  
  190  17:08  Liberator x2  
  190  17:09  Missile Turret  
  190  17:10  Missile Turret  
  190  17:12  Viking  
  190  17:14  Missile Turret  
  190  17:15  Viking  
  195  17:29  Viking  
  197  17:30  Refinery  
  197  17:33  Planetary Fortress  
  197  17:36  Sensor Tower  
  197  17:43  Liberator x2  
  190  17:50  Marauder x3, Marine  
  195  17:52  Sensor Tower  
  195  17:55  Liberator, Missile Turret  
  194  18:15  Missile Turret  
  194  18:16  Missile Turret  
  194  18:17  Missile Turret  
  194  18:18  Missile Turret x2  
  194  18:19  Missile Turret  
  199  18:22  Command Center  
  199  18:28  Terran Vehicle And Ship Armor Level 2  
  199  18:40  Viking  
  199  18:41  Viking x2  
  198  19:01  Viking  
  198  19:02  Missile Turret  
  200  19:03  Missile Turret x4  
  200  19:11  Refinery  
  200  19:12  Refinery  
  200  19:13  Command Center  
  200  19:15  Command Center  
  200  19:16  Viking  
  200  19:30  Liberator  
  184  19:39  Ghost x3  
  184  19:41  Ghost, Marine x3  
  184  19:42  Liberator, Marine  
  197  19:54  Ghost  
  178  20:10  Liberator x2  
  178  20:11  Liberator x2, Marine x2  
  178  20:12  Marauder x4, Marine x2  
  188  20:18  Liberator  
  191  20:23  Marauder  
  191  20:28  Orbital Command  
  191  20:31  Marine  
  191  20:33  Marauder x2  
  191  20:34  Marauder  
  196  20:43  Liberator  
  195  20:53  Orbital Command  
  194  21:04  Liberator x2  
  161  21:20  Marine x2  
  161  21:21  Marauder x2  
  161  21:23  Marauder x2, Marine x2  
  170  21:32  Orbital Command  
  169  21:36  Ghost  
  169  21:37  Marine  
  171  21:41  Ghost x2  
  171  21:45  Marauder  
  171  21:46  Marauder, Marine  
  167  21:49  Marine x4  
  170  21:56  Marine  
  167  22:04  Marine  
  167  22:06  Orbital Command, Marauder x2  
  167  22:08  Marauder  
  174  22:11  Marauder x2  
  174  22:12  Marine  
  160  22:27  Marauder x2  
  162  22:33  Ghost x2, Marine x4  
  162  22:34  Marauder, Marine  
  171  22:48  Marauder  
  171  22:49  Marauder  
  175  22:53  Marine  
  175  22:55  Marauder  
  178  23:01  Ghost  
  178  23:02  Marauder  
  180  23:09  Marine x3  
  180  23:10  Marauder, Marine  
  180  23:22  Marine x2  
  180  23:23  Marauder  
  180  23:26  Marine  
  185  23:27  Marauder, Marine  
  185  23:32  Marauder, Marine  
  180  23:46  Marine x2  
  180  23:47  Marauder x2  
  176  23:49  Marine  
  176  23:50  Marine  
  178  23:58  Marine  
  178  23:59  Marine x4  
  183  24:04  Marine  
  181  24:20  Marine  
  181  24:21  Marauder x4, Marine x2  
  177  24:33  Ghost, Refinery  
  175  24:41  Orbital Command  
  174  24:48  Refinery  
  174  25:09  Marauder x4, Marine x3  
  174  25:10  Marauder  
  185  25:36  Ghost x2  
  170  26:15  Viking x4  
  170  26:16  Viking  
  180  26:24  SCV x5  
  187  26:46  Medivac  
  187  26:47  Medivac  
  189  26:59  Marine  
  150  27:15  Marine  
  150  27:16  Marine x6  
  125  27:25  Marine x4  
  125  27:33  Marine x2  
  125  27:36  Marine x2  
  125  27:37  Marine x3  
  129  27:38  Viking  
  129  27:39  Viking  
  129  27:43  Marine  
  134  27:50  Medivac  
  134  27:51  Medivac  
  135  27:56  Marine  
  136  28:06  Medivac, Marine x2  
  140  28:19  Marine  
  141  28:27  Orbital Command  
  141  28:29  Marine x4  
  142  28:38  Marine  
Show
View Real Time Build Order
Export as new Build Order

Stats Protoss 

Build Orders: 1 Gate Expand, Phoenix Opening, Carriers, Colossus Rush 

Get SALT Encoding   

  12  0:00  Probe  
  13  0:12  Probe  
  14  0:17  Pylon  
  14  0:24  Probe (Chrono Boost)  
  15  0:36  Probe (Chrono Boost)  
  15  0:37  Gateway  
  16  0:45  Probe (Chrono Boost)  
  16  0:47  Assimilator  
  17  0:51  Probe  
  18  1:03  Probe  
  19  1:15  Probe  
  20  1:24  Nexus  
  20  1:34  Cybernetics Core  
  20  1:37  Probe  
  21  1:44  Pylon  
  21  1:48  Assimilator  
  21  1:52  Probe  
  22  2:04  Probe  
  22  2:08  Adept (Chrono Boost)  
  23  2:13  Shield Battery  
  25  2:16  Probe  
  25  2:21  Stargate  
  26  2:28  Warp Gate, Probe  
  27  2:32  Adept (Chrono Boost)  
  29  2:39  Probe (Chrono Boost)  
  31  2:47  Probe (Chrono Boost)  
  31  2:50  Probe (Chrono Boost)  
  32  2:55  Probe (Chrono Boost)  
  32  2:58  Adept  
  35  3:05  Probe  
  35  3:06  Probe  
  35  3:08  Phoenix  
  39  3:18  Probe (Chrono Boost)  
  41  3:23  Probe (Chrono Boost)  
  41  3:25  Pylon  
  42  3:28  Probe (Chrono Boost)  
  42  3:32  Probe (Chrono Boost)  
  42  3:33  Phoenix, Probe (Chrono Boost)  
  46  3:43  Gateway  
  46  3:44  Probe (Chrono Boost)  
  46  3:47  Probe (Chrono Boost)  
  48  3:48  Assimilator  
  48  3:50  Pylon  
  48  3:55  Probe (Chrono Boost)  
  50  3:58  Probe (Chrono Boost)  
  50  3:59  Phoenix  
  52  4:09  Probe x2  
  54  4:16  Assimilator  
  54  4:21  Robotics Facility  
  54  4:23  Probe x2  
  56  4:26  Phoenix  
  56  4:31  Nexus  
  58  4:35  Pylon  
  58  4:42  Probe x2  
  60  4:51  Phoenix  
  62  4:54  Probe x2  
  62  4:58  Pylon  
  64  5:06  Probe x2  
  66  5:09  Forge  
  66  5:11  Robotics Bay  
  66  5:12  Twilight Council  
  66  5:15  Observer (Chrono Boost)  
  66  5:18  Phoenix, Probe x2 (Chrono Boost)  
  71  5:28  Observer (Chrono Boost)  
  71  5:29  Pylon  
  71  5:30  Probe x2 (Chrono Boost)  
  74  5:37  Protoss Ground Weapons Level 1  
  74  5:39  Probe x2 (Chrono Boost)  
  76  5:43  Probe (Chrono Boost)  
  76  5:46  Phoenix  
  81  5:50  Probe x2 (Chrono Boost)  
  81  5:52  Probe (Chrono Boost)  
  81  5:54  Colossus (Chrono Boost)  
  81  5:55  Pylon  
  82  5:59  Pylon  
  82  6:01  Probe  
  82  6:02  Probe x2  
  91  6:09  Extended Thermal Lance  
  91  6:12  Assimilator  
  91  6:14  Assimilator, Gateway  
  91  6:15  Gateway  
  91  6:17  Charge  
  91  6:18  Probe  
  91  6:19  Probe  
  91  6:21  Probe  
  94  6:30  Probe  
  95  6:34  Colossus (Chrono Boost)  
  95  6:36  Gateway  
  95  6:37  Gateway  
  101  6:58  Phoenix  
  103  7:04  Sentry, Zealot  
  103  7:06  Shield Battery  
  103  7:08  Shield Battery  
  106  7:13  Gateway x2  
  106  7:15  Templar Archives  
  106  7:18  Sentry, Zealot, Pylon x2  
  106  7:19  Pylon  
  106  7:20  Pylon  
  110  7:26  Colossus (Chrono Boost)  
  116  7:32  Forge  
  116  7:35  Protoss Ground Weapons Level 2 (Chrono Boost)  
  116  7:43  Pylon  
  116  7:44  Nexus  
  116  7:48  Pylon  
  116  7:55  Pylon  
  116  7:56  Probe  
  116  7:57  Probe x2  
  119  8:00  Zealot x4, Pylon, High Templar x2  
  119  8:03  Protoss Ground Armor Level 1 (Chrono Boost)  
  131  8:07  Gateway  
  131  8:09  Gateway  
  131  8:11  Archon, Warp Prism (Chrono Boost), Zealot  
  131  8:12  Zealot  
  137  8:23  Pylon  
  137  8:24  Pylon  
  137  8:27  Zealot x4  
  137  8:29  Shield Battery  
  145  8:35  Probe  
  145  8:36  Probe x2  
  148  8:41  High Templar x4  
  148  8:46  Archon x2  
  148  8:48  Probe x3  
  159  8:53  Blink  
  159  8:56  Gateway  
  159  8:59  Gateway  
  159  9:00  Dark Shrine  
  159  9:10  Observer  
  159  9:11  Robotics Facility  
  159  9:15  Zealot x7  
  172  9:21  Zealot  
  172  9:22  Zealot x2  
  178  9:35  Assimilator  
  178  9:37  Assimilator  
  178  9:41  Nexus  
  178  9:43  Pylon  
  178  9:47  High Templar  
  178  9:48  Zealot x5, High Templar x3  
  178  9:50  Zealot  
  178  9:51  Protoss Ground Weapons Level 3 (Chrono Boost)  
  178  9:52  Archon x2  
  196  9:53  Zealot x2  
  200  10:02  Observer  
  200  10:03  Protoss Ground Armor Level 2 (Chrono Boost)  
  200  10:05  Shadow Stride  
  200  10:06  Pylon  
  200  10:09  Shield Battery  
  200  10:10  Photon Cannon  
  195  10:29  Observer  
  195  10:30  Observer  
  197  10:38  Stargate  
  197  10:39  Fleet Beacon, Cybernetics Core  
  197  10:45  Protoss Air Weapons Level 1 (Chrono Boost)  
  197  10:47  Photon Cannon  
  197  10:49  Photon Cannon  
  197  10:50  Assimilator  
  197  10:51  Gravitic Boosters  
  197  10:53  Assimilator, Stargate  
  197  10:58  Stargate  
  197  11:17  Protoss Air Armor Level 1 (Chrono Boost)  
  197  11:41  Observer  
  197  11:47  Nexus  
  197  11:50  Pylon  
  191  12:09  Protoss Shields Level 1  
  191  12:14  Pylon  
  191  12:15  Pylon  
  189  12:17  Pylon  
  189  12:19  Protoss Ground Armor Level 3  
  183  12:23  Probe x5  
  180  12:34  Warp Prism  
  180  12:35  Carrier (Chrono Boost), Probe x5  
  181  12:40  Carrier (Chrono Boost)  
  181  12:42  Protoss Air Weapons Level 2 (Chrono Boost)  
  195  12:45  Carrier x2 (Chrono Boost)  
  195  12:52  Observer  
  195  12:56  Photon Cannon  
  195  12:57  Photon Cannon  
  195  12:59  Shield Battery, Photon Cannon  
  195  13:01  Shield Battery  
  195  13:03  Shield Battery  
  191  13:05  Observer  
  171  13:19  Stalker x5  
  181  13:20  Stalker x2  
  185  13:29  Carrier (Chrono Boost)  
  190  13:34  Carrier (Chrono Boost)  
  190  13:39  Carrier (Chrono Boost)  
  192  13:44  Protoss Air Armor Level 2 (Chrono Boost)  
  192  13:47  Stalker x3  
  196  14:04  Observer  
  196  14:09  Nexus  
  196  14:10  Pylon  
  196  14:25  Observer x2  
  196  14:30  Shield Battery x2  
  198  14:32  Shield Battery  
  198  14:34  Protoss Shields Level 2 (Chrono Boost)  
  198  14:46  Photon Cannon  
  198  14:47  Photon Cannon, Observer x2  
  198  14:49  Photon Cannon  
  200  14:53  Pylon  
  188  15:26  Stalker x2  
  188  15:27  Stalker x4  
  189  15:30  Stalker x2  
  189  15:31  Dark Templar x2  
  189  15:32  Dark Templar  
  189  15:35  Stalker  
  141  15:53  Stalker x4  
  141  15:54  Stalker x4  
  153  16:22  Sentry x3, Disruptor x2 (Chrono Boost)  
  165  16:30  Stalker x2  
  165  16:31  Stalker x7  
  159  16:34  Probe x4  
  159  16:35  Probe  
  164  16:41  Nexus  
  164  16:46  Nexus  
  164  16:49  Pylon  
  164  16:50  Disruptor x2 (Chrono Boost)  
  170  17:06  Tempest x4 (Chrono Boost)  
  184  17:20  Probe x4  
  184  17:21  Probe  
  189  17:26  Photon Cannon  
  189  17:28  Photon Cannon  
  175  17:46  Tempest x4  
  195  17:57  Dark Templar x2  
  192  18:17  Dark Templar x4  
  200  18:24  Pylon  
  196  18:36  Observer  
  194  18:41  Oracle  
  194  18:42  Oracle  
  194  18:44  Photon Cannon  
  194  18:47  Photon Cannon  
  200  18:48  Photon Cannon  
  200  18:49  Shield Battery  
  200  18:50  Shield Battery  
  200  18:51  Shield Battery  
  200  18:54  Stalker  
  200  19:01  Protoss Shields Level 3 (Chrono Boost)  
  200  19:19  Protoss Air Armor Level 3 (Chrono Boost)  
  200  19:20  Protoss Air Weapons Level 3 (Chrono Boost)  
  200  19:28  Stalker x5  
  200  19:30  Stalker x5  
  200  19:31  Stalker x2  
  176  19:57  Stalker x6  
  176  19:58  Stalker x2  
  176  19:59  Stalker  
  192  20:00  Stalker x3  
  143  20:22  Assimilator  
  143  20:24  Assimilator  
  143  20:28  Zealot x12  
  163  20:43  Disruptor  
  163  20:44  Disruptor  
  169  20:54  Stalker x3  
  169  20:55  Stalker x7  
  169  20:56  Stalker x2  
  162  21:24  Tempest x4  
  169  21:31  Zealot x7  
  169  21:32  Zealot x5  
  148  21:58  Stalker x6  
  148  21:59  Stalker x5  
  148  22:00  Stalker  
  172  22:02  Assimilator  
  156  22:37  Stalker x4  
  156  22:38  Stalker x7  
  156  22:39  Stalker, Disruptor x2 (Chrono Boost)  
  181  23:06  Nexus  
  151  23:39  Disruptor x2 (Chrono Boost)  
  157  23:46  Stalker x5  
  157  23:47  Zealot x7  
  172  24:03  Carrier x4 (Chrono Boost)  
  156  24:43  Nexus  
  156  24:44  Pylon  
  156  24:56  Nexus  
  156  24:57  Carrier x2 (Chrono Boost)  
  156  24:59  Pylon  
  167  25:12  Zealot  
  167  25:13  Zealot x11  
  191  25:20  Nexus  
  190  25:21  Pylon  
  190  25:23  Carrier (Chrono Boost)  
  194  25:29  Assimilator  
  194  25:34  Assimilator  
  166  26:25  Zealot  
  166  26:26  Zealot x9  
  166  26:27  Zealot x2  
  190  26:36  Pylon  
  190  26:37  Nexus  
  190  26:47  Assimilator  
  190  26:49  Assimilator  
  190  26:56  Nexus  
  190  26:59  Shield Battery  
  190  27:00  Shield Battery  
  83  27:34  Observer  
  72  27:56  Nexus  
  72  28:35  Stalker x4  
  72  28:41  Nexus  
Tags
 
Add a new tag
Caveats
  • Supply blocks, unpowered buildings, or Contaminate may cause inaccurate times.
  • Supply counts are checked every 10 seconds.